 Dungeon Crawl Stone Soup version 0.26.0-10-g1f06aea511 (webtiles) character file.

Game seed: 421390999978879191

2287 funkygono the Magician (level 9, -1/63 HPs)
             Began as a Grey Draconian Air Elementalist on Jan 18, 2021.
             Was an Initiate of Vehumet.
             Slain by Joseph
             ... wielding a +0 quarterstaff
              (19 damage)
             ... on level 7 of the Dungeon.
             The game lasted 00:18:33 (9489 turns).

funkygono the Magician (DrAE)                       Turns: 9489, Time: 00:18:34

Health: -1/63      AC: 15    Str: 10    XL:     9   Next: 17%
Magic:  1/20       EV: 12    Int: 20    God:    Vehumet [......]
Gold:   337        SH:  0    Dex: 11    Spells: 8/23 levels left

rFire    . . .     SeeInvis .   t - staff of earth
rCold    . . .     Faith    .   (no shield)
rNeg     . . .     Spirit   .   (armour unavailable)
rPois    .         Reflect  .   (helmet restricted)
rElec    .         Harm     .   (no cloak)
rCorr    .         Rampage  .   o - +2 pair of gloves
Will     .....                  (no boots)
Stlth    ++........             (no amulet)
HPRegen  0.20/turn              (no ring)
MPRegen  0.17/turn              (no ring)

@: no status effects
A: walk through water, unfitting armour, unbreathing, cold-blooded, AC +12
a: Renounce Religion


You were on level 7 of the Dungeon.
You worshipped Vehumet.
Vehumet was noncommittal.
You visited 2 branches of the dungeon, and saw 8 of its levels.

You collected 337 gold pieces.

Inventory:

Hand Weapons
 i - a +1 dagger of draining
 j - a +2 vorpal mace
 m - a +1 dagger of speed
Armour
 o - a +2 pair of gloves (worn)
Magical Staves
 t - an uncursed staff of earth (weapon)
Wands
 c - a wand of iceblast (6)
 q - a wand of paralysis (11)
 r - a wand of random effects (17)
Scrolls
 a - a scroll of teleportation
 b - 2 scrolls of amnesia
 g - 5 scrolls of remove curse
 k - a scroll of fear
 l - 10 scrolls of identify
 n - 3 scrolls of magic mapping
 p - a scroll of blinking
Potions
 e - 2 potions of curing
 f - 2 potions of brilliance
 h - 2 potions of lignification


   Skills:
 + Level 0.4 Fighting
 + Level 2.4 Dodging
 + Level 2.8 Stealth
 * Level 7.5 Spellcasting
 * Level 5.9 Conjurations
 * Level 5.9 Air Magic


You had 8 spell levels left.
You knew the following spells:

 Your Spells              Type           Power        Failure   Level
a - Shock                 Conj/Air       100%         1%          1
b - Swiftness             Air            31%          1%          2
c - Static Discharge      Conj/Air       31%          2%          3
d - Airstrike             Air            15%          8%          4
e - Lightning Bolt        Conj/Air       15%          22%         5

Your spell library contained the following spells:

 Spells                   Type           Power        Failure   Level


Dungeon Overview and Level Annotations

Branches:
Dungeon (7/15)             Temple (1/1) D:6

Altars:
Ashenzari
Cheibriados
Dithmenos
Elyvilon
Fedhas
Gozag
Hepliaklqana
Kikubaaqudgha
Makhleb
Nemelex Xobeh
Okawaru
Qazlal
Ru
Sif Muna
Trog
Uskayaw
Vehumet
Wu Jian
Xom
Yredelemnul
Zin
The Shining One

Annotations:
D:7 Joseph


Innate Abilities, Weirdness & Mutations

You can walk through water.
Your dull iron-grey scales are very hard. (AC +12)
You cannot fit into any form of body armour.
You can survive without breathing.
You are cold-blooded and may be slowed by cold attacks.


Message History

Aiming: Shock (safe; 1% risk of failure)
Press: ? - help, Shift-Dir - straight line, f/p - Joseph
Aim: Joseph, wielding a +0 quarterstaff, wearing a +0 ring mail and quivering 9 sling bullets (severely wounded, 23% to evade)
The zap hits Joseph.
Joseph is almost dead.
Joseph misses you.
Casting: Shock (safe; 1% risk of failure)
Confirm with . or Enter, or press ? or * to list all spells.
Aiming: Shock (safe; 1% risk of failure)
Press: ? - help, Shift-Dir - straight line, f/p - Joseph
Aim: Joseph, wielding a +0 quarterstaff, wearing a +0 ring mail and quivering 9 sling bullets (almost dead, 23% to evade)
The zap hits Joseph.
Joseph is almost dead.
Joseph misses you.
You feel better.
Your magical contamination has completely faded away.
You barely miss Joseph.
Joseph is almost dead.
Joseph hits you with a +0 quarterstaff!!
You die...

####......#
#...#
#.........#
#.####
#.##......#
#....#
#.##......#
####.#
#.##......#
#)#
#..(......#
#.#
###.......#
#.#
#(#######
##'## #@#
#...## #@#
#...##
#........#
#...''
#........#
#(..##
#........#
#...##
#........#
######
#........#
#
##.....###
# #..##.# #


You could see Joseph.

Vanquished Creatures
  Maggie (D:7)
  Menkaure (D:7)
  A sky beast (D:6)
  8 ogres
  A bullfrog (D:7)
  7 wights
  2 hounds
  2 jellies (D:6)
  A centaur skeleton (D:4)
  3 orc priests
  4 orc wizards (D:4)
  Ijyb (D:5)
  An iguana (D:5)
  4 worker ants (D:6)
  A hound skeleton (D:4)
  Robin (D:4)
  7 adders
  3 gnolls (D:7)
  A shadow imp (D:5)
  3 white imps
  2 ufetubi
  An ooze (D:1)
  An adder zombie (D:5)
  2 worms (D:3)
  A dart slug (D:2)
  6 leopard geckos
  12 orcs
  9 giant cockroaches
  14 goblins
  6 hobgoblins
  10 jackals
  2 quokkas
  2 ball pythons
  2 bats
  5 frilled lizards
  A jackal skeleton (D:4)
  5 kobolds
  10 rats
144 creatures vanquished.

Vanquished Creatures (others)
  2 plants (D:4)
2 creatures vanquished.

Grand Total: 146 creatures vanquished

Notes
Turn   | Place    | Note
-------+----------+-------------------------------------------
     0 | D:1      | funkygono the Draconian Air Elementalist began the quest
                  | for the Orb.
     0 | D:1      | Reached XP level 1. HP: 14/14 MP: 3/3
   448 | D:1      | Reached XP level 2. HP: 20/20 MP: 0/5
   637 | D:1      | Learned a level 2 spell: Swiftness
  1035 | D:2      | Reached XP level 3. HP: 21/26 MP: 2/6
  1768 | D:2      | Learned a level 3 spell: Static Discharge
  2012 | D:2      | Found a bloodstained altar of Trog.
  2013 | D:2      | Found a stormy altar of Qazlal.
  2047 | D:3      | Reached skill level 3 in Spellcasting
  2317 | D:3      | Noticed an ogre
  2336 | D:3      | Killed an ogre
  2337 | D:3      | Reached XP level 4. HP: 9/33 MP: 1/9
  2337 | D:3      | Reached XP level 5. HP: 11/38 MP: 1/10
  2594 | D:3      | Learned a level 4 spell: Airstrike
  3938 | D:4      | Reached skill level 4 in Spellcasting
  3938 | D:4      | Reached XP level 6. HP: 15/45 MP: 0/12
  4249 | D:4      | Noticed Robin
  4267 | D:4      | Killed Robin
  5372 | D:5      | Entered Level 5 of the Dungeon
  5520 | D:5      | Found a hazy altar of Hepliaklqana.
  5521 | D:5      | Found a shimmering altar of Xom.
  5522 | D:5      | Noticed a spectral ugly thing
  5557 | D:5      | Your scales start taking on a dull iron-grey colour.
  5557 | D:5      | Reached XP level 7. HP: 46/50 MP: 4/14
  5557 | D:5      | Gained mutation: You can survive without breathing. [Grey
                  | Draconian growth]
  5682 | D:5      | Noticed Ijyb
  5708 | D:5      | Killed Ijyb
  5927 | D:5      | Found the +15 Maxwell's patent armour {-Cast -Tele rElec
                  | Will+ rCorr}
  6235 | D:5      | Reached skill level 5 in Spellcasting
  6363 | D:5      | Learned a level 5 spell: Lightning Bolt
  7705 | D:6      | Reached XP level 8. HP: 57/57 MP: 9/16
  7788 | D:6      | Found a staircase to the Ecumenical Temple.
  7853 | D:6      | Reached skill level 6 in Spellcasting
  7884 | D:6      | Reached skill level 5 in Conjurations
  7909 | Temple   | Entered the Ecumenical Temple
  7915 | Temple   | Became a worshipper of Vehumet
  8579 | D:7      | Reached skill level 5 in Air Magic
  8876 | D:7      | Noticed Menkaure
  8882 | D:7      | Killed Menkaure
  8883 | D:7      | Reached skill level 7 in Spellcasting
  9374 | D:7      | Reached XP level 9. HP: 62/62 MP: 12/20
  9459 | D:7      | Noticed Joseph
  9459 | D:7      | Noticed Maggie
  9470 | D:7      | Killed Maggie
  9474 | D:7      | HP: 1/63 [Joseph/+0 quarterstaff (7)]
  9482 | D:7      | HP: 3/63 [Joseph/+0 quarterstaff (7)]
  9489 | D:7      | Slain by Joseph

Illustrated notes

Levels and vault maps discovered:
D:1:      amcnicky_arrival_flooded_fountain, layout_basic,
          minmay_misc_feat_enclosed
D:2:      layout_loops_corners, nicolae_overflow_hidden_temple
D:3:      layout_rooms
D:4:      layout_gridville, corexii_shack, uniq_robin
D:5:      layout_basic, regret_index_temple_of_mockery, portal_sewer_entry_d,
          kennysheep_generic_room_16, uniq_ijyb
D:6:      layout_cave_pools, minmay_temple_entry_hall, grunt_ministairs_13
D:7:      layout_basic, serial_shops, shop, uniq_joseph, uniq_maggie,
          uniq_menkaure
Temple:   eino_narrow_crystal_temple

Skill      XL: |  1  2  3  4  5  6  7  8 |
---------------+-------------------------+-----
Stealth        | 2 |  2.8
Spellcasting   | 3 4 5 7 |  7.5
Conjurations   | 2 3 4 5 |  5.9
Dodging        | 2 |  2.4
Air Magic      | 4 3 4 5 |  5.9
Fighting       | |  0.4

Action                   |  1- 3 |  4- 6 |  7- 9 || total
-------------------------+-------+-------+-------++-------
Melee: Dagger            |    10 |     6 |    12 ||    28
       Tailslap          |     1 |       |       ||     1
       Staff             |       |       |     2 ||     2
 Cast: Shock             |    77 |   150 |   173 ||   400
       Static Discharge  |       |     2 |    36 ||    38
       Swiftness         |       |     1 |       ||     1
       Airstrike         |       |       |     3 ||     3
  Use: Scroll            |    10 |     5 |     3 ||    18
       Potion            |       |       |     4 ||     4
Armor: Skin              |     2 |    16 |    24 ||    42
Dodge: Dodged            |    16 |    32 |    46 ||    94
